 Dungeon Crawl Stone Soup version 0.23.2-40-g277498a001 (webtiles) character file.

Game seed: 9520076103746497847

37 Ihlosi the Conjurer (level 3, -4/28 HPs)
             Began as a Draconian Conjurer on Sept 29, 2019.
             Slain by a hobgoblin
             ... wielding a +0 club
             ... led by Robin
              (5 damage)
             ... on level 1 of the Dungeon.
             The game lasted 00:04:27 (1511 turns).

Ihlosi the Conjurer (Draconian Conjurer)            Turns: 1511, Time: 00:04:29

Health: -4/28      AC:  6    Str: 10    XL:     3   Next: 21%
Magic:  0/6        EV: 12    Int: 21    God:
Gold:   46         SH:  0    Dex: 11    Spells: 5/6 levels left

rFire    . . .     SeeInvis .   (no weapon)
rCold    . . .     Gourm    .   (no shield)
rNeg     . . .     Faith    .   (armour unavailable)
rPois    .         Spirit   .   (helmet restricted)
rElec    .         Reflect  .   (no cloak)
rCorr    .         Harm     .   i - +0 pair of gloves
MR       .....                  (no boots)
Stlth    ++........             (no amulet)
HPRegen  0.09/turn              (no ring)
MPRegen  0.10/turn              (no ring)

@: brilliant, flying
A: unfitting armour, cold-blooded, AC +5
a: no special abilities


You were on level 1 of the Dungeon.
You were very hungry.

You visited 1 branch of the dungeon, and saw 2 of its levels.

You collected 46 gold pieces.

Inventory:

Hand Weapons
 e - a +0 dagger
 f - a +0 short sword
Armour
 i - a +0 pair of gloves (worn)
Jewellery
 h - an uncursed ring of protection from cold {unknown}
Scrolls
 a - 2 scrolls of identify {unknown}
 c - a scroll of remove curse {unknown}
 d - 2 scrolls of fog {unknown}
 g - a scroll of magic mapping {unknown}
Potions
 j - a potion of brilliance
 k - 2 potions of flight
Comestibles
 b - 2 rations


   Skills:
 * Level 1.1 Fighting
 * Level 2.1 Dodging
 + Level 1.9 Stealth
 * Level 2.2 Spellcasting
 + Level 4.5 Conjurations


You had 5 spell levels left.
You knew the following spells:

 Your Spells              Type           Power        Failure   Level  Hunger
a - Magic Dart            Conj           ####         1%          1    #......

Your spell library contained the following spells:

 Spells                   Type           Power        Failure   Level  Hunger
 Searing Ray              Conj           ####..       1%          2    ##.....
 Dazzling Spray           Conj/Hex       ###...       2%          3    ###....
 Iskenderun's Mystic Bla  Conj           ####....     2%          4    #####..
 Force Lance              Conj/Tloc      ###.....     7%          4    #####..
 Fulminant Prism          Conj/Hex       ###.......   7%          4    #####..


Dungeon Overview and Level Annotations

Branches:
Dungeon (2/15)

Altars:

Annotations:
D:2 Robin


Innate Abilities, Weirdness & Mutations

Your plain brown scales are hard. (AC +5)
You cannot fit into any form of body armour.
You are cold-blooded and may be slowed by cold attacks.


Message History

Confirm with . or Enter, or press ? or * to list all spells.
Aiming: Magic Dart (safe; 1% risk of failure)
Press: ? - help, Shift-Dir - straight line, f - hobgoblin
Aim: a hobgoblin, wielding a +0 club The magic dart hits the hobgoblin.
The hobgoblin is lightly wounded.
The hobgoblin hits you but does no damage.
You hit the hobgoblin.
The hobgoblin is severely wounded.
The hobgoblin hits you but does no damage.
You barely miss the hobgoblin.
The hobgoblin is heavily wounded.
The hobgoblin barely misses you.
You hit the hobgoblin but do no damage.
The hobgoblin is heavily wounded.
* * * LOW HITPOINT WARNING * * *
You feel sick.
You are no longer poisoned.
The hobgoblin hits you with a +0 club.
You die...

....................##...#
....................####.#
...#####............# #.#
...# #............# #.#
...# #..).........# #.#
...# ####.####.#'## #.#
###########.## #.#.# #.#
.............# #.#.#####.#
############.###@#....##.#
### ######....g>###.##.#
#.## ##...##.###†##
#.##.#######
...###.....#.#
#.####.#........#
#.......<..#.#
#......#######.##
#####.#...##.# ########
#†# ########.# #.# #.#
###########.# #.#
#...........#


You could see a hobgoblin.

Vanquished Creatures
  An adder (D:1)
  A dart slug (D:1)
  2 leopard geckos (D:1)
  3 bats (D:1)
  4 goblins (D:1)
  2 hobgoblins (D:1)
  6 frilled lizards
  5 kobolds (D:1)
24 creatures vanquished.

Notes
Turn   | Place    | Note
-------+----------+-------------------------------------------
     0 | D:1      | Ihlosi the Draconian Conjurer began the quest for the Orb.
     0 | D:1      | Reached XP level 1. HP: 14/14 MP: 3/3
   275 | D:1      | Reached XP level 2. HP: 10/22 MP: 1/5
   789 | D:1      | Reached skill level 1 in Fighting
  1470 | D:2      | Noticed Robin
  1492 | D:1      | Reached XP level 3. HP: 5/28 MP: 0/6
  1507 | D:1      | HP: 1/28 [poisoned by an adder]
  1511 | D:1      | Slain by a hobgoblin

Skill      XL: |  1  2 |
---------------+-------+-----
Fighting       | 1 |  1.1
Dodging        | 2 |  2.1
Stealth        | |  1.9
Spellcasting   | |  2.2
Conjurations   | |  4.5

Action                   || total
-------------------------++-------
Melee: Unarmed           ||   104
       Tailslap          ||    12
 Cast: Magic Dart        ||    23
  Use: Potion            ||     2
 Stab: Sleeping          ||     6
  Eat: Chunk             ||     1
Armor: Skin              ||    35
Dodge: Dodged            ||    71
